 Dungeon Crawl Stone Soup version 0.29-a0-330-g52719c12eb (webtiles) character file.

Game seed: 14311244510456999186

1403 kae the Firebug (level 8, 0/57 HPs)
             Began as a Demigod Fire Elementalist on May 20, 2022.
             Killed from afar by a gargoyle (22 damage)
             ... with a stone arrow
             ... on level 5 of the Dungeon.
             The game lasted 00:06:52 (6915 turns).

kae the Firebug (Demigod Fire Elementalist)         Turns: 6915, Time: 00:06:53

Health: 0/57       AC:  3    Str:  9    XL:     8   Next: 18%
Magic:  10/26      EV: 12    Int: 25    God:
Gold:   145        SH:  0    Dex: 14    Spells: 6/15 levels left

rFire   . . .      SeeInvis .   (no weapon)
rCold   . . .      Faith    .   (no shield)
rNeg    . . .      Spirit   .   a - +0 robe
rPois   .          Reflect  .   (no helmet)
rElec   .          Harm     .   n - +0 cloak
rCorr   .          Rampage  .   (no gloves)
Will    .....                   (no boots)
Stlth   ++........              l - amulet of the acrobat
HPRegen 0.19/turn               k - ring of wizardry
MPRegen 0.20/turn               o - ring of magical power

@: no status effects
A: high MP 1, forlorn, divine attributes
a: no special abilities


You were on level 5 of the Dungeon.
You visited 1 branch of the dungeon, and saw 5 of its levels.
You also visited: Ossuary.

You collected 145 gold pieces.

Inventory:

Missiles
 e - a throwing net
Armour
 a - a +0 robe (worn)
 n - a +0 cloak (worn)
 r - a +0 pair of boots
Jewellery
 k - a ring of wizardry (left hand)
 l - an amulet of the acrobat (around neck)
 o - a ring of magical power (right hand)
 s - a +4 ring of evasion
 t - a ring of resist corrosion
Wands
 q - a wand of iceblast (4)
Scrolls
 g - 2 scrolls of fog
 u - 4 scrolls of teleportation
 w - a scroll of blinking
Potions
 b - a potion of magic
 c - 3 potions of heal wounds
 d - 6 potions of curing
 f - a potion of flight
 h - a potion of berserk rage {unknown}
 i - 2 potions of mutation
 j - 3 potions of invisibility {unknown}
 m - a potion of attraction {unknown}
 p - a potion of brilliance {unknown}
 v - 2 potions of lignification {unknown}
 x - a potion of cancellation {unknown}


   Skills:
 - Level 1.7 Dodging
 - Level 1.7 Stealth
 + Level 4.2 Spellcasting
 * Level 5.9 Conjurations
 * Level 6.6 Fire Magic


You had 6 spell levels left.
You knew the following spells:

 Your Spells              Type           Power      Damage    Failure   Level
a - Foxfire               Conj/Fire      100%       2x1d9     1%          1
b - Scorch                Fire           76%        2d9       1%          2
c - Conjure Flame         Conj/Fire      36%        6-21      1%          3
d - Inner Flame           Hex/Fire       21%        N/A       2%          3

Your spell library contained the following spells:

 Spells                   Type           Power      Damage    Failure   Level
 Flame Wave               Conj/Fire      36%        2d9       2%          4
 Blink                    Tloc           10%        N/A       6%          2
 Corpse Rot               Necr/Air       10%        N/A       6%          2
 Poisonous Vapours        Pois/Air       10%        N/A       6%          2
 Call Canine Familiar     Summ           5%         N/A       11%         3
 Lesser Beckoning         Tloc           5%         N/A       11%         3
 Portal Projectile        Hex/Tloc       10%        N/A       11%         3
 Animate Dead             Necr           2%         N/A       32%         4
 Leda's Liquefaction      Hex/Erth       2%         N/A       32%         4
 Borgnjor's Vile Clutch   Necr/Erth      2%         N/A       65%         5
 Manifold Assault         Tloc           5%         N/A       65%         5
 Death Channel            Necr           2%         N/A       99%         6


Dungeon Overview and Level Annotations

Branches:
Dungeon (5/15)             Temple (0/1) D:5         Ossuary (visited)

Shops:
D:1 [   D:4 [

Annotations:
D:3 Terence


Innate Abilities, Weirdness & Mutations

You have an increased reservoir of magic. (+10% MP)
You shall have no god before yourself.
Your divine heritage dramatically boosts your attributes as you level up.


Message History

Flames lash something.
Reactivating autopickup.
You feel a bit more experienced.
Casting: Scorch (safe; 1% risk of failure)
Confirm with . or Enter, or press ? or * to list all spells.
Nothing appears to happen.
A gargoyle is nearby!
Casting: Scorch (safe; 1% risk of failure)
Confirm with . or Enter, or press ? or * to list all spells.
Flames lash the gargoyle.
The gargoyle is heavily damaged.
The gargoyle's fire resistance burns away.
The gargoyle closely misses you.
Casting: Scorch (safe; 1% risk of failure)
Confirm with . or Enter, or press ? or * to list all spells.
Flames lash the gargoyle.
The gargoyle is burned terribly!
The gargoyle is severely damaged.
The gargoyle hurls a stone arrow at you.
The stone arrow misses you.
Casting: Scorch (safe; 1% risk of failure)
Confirm with . or Enter, or press ? or * to list all spells.
Flames lash the gargoyle.
The gargoyle is burned terribly!
The gargoyle is almost destroyed.
The gargoyle hits you with a +0 flail!
Casting: Scorch (safe; 1% risk of failure)
Confirm with . or Enter, or press ? or * to list all spells.
Flames lash the gargoyle but do no damage.
The gargoyle hits you with a +0 flail!
Casting: Scorch (safe; 1% risk of failure)
Confirm with . or Enter, or press ? or * to list all spells.
You don't know that spell.
You hit the gargoyle but do no damage.
The gargoyle is almost destroyed.
The gargoyle hits you with a +0 flail!
Casting: Scorch (safe; 1% risk of failure)
Confirm with . or Enter, or press ? or * to list all spells.
Flames lash the gargoyle but do no damage.
The gargoyle hurls a stone arrow at you.
The stone arrow hits you!!
You die...

#....)...###.## #
#.#.#.######
#.......## ###
.##.#.#.#####
#.......#
..#.........#
#.......#
###.###)###.#.#
#.......#
##.#.#.....#.#.#
#########
##.#..#...#.#.#.# #
#.###.#####.#.#.#
#.####.#..#.....#.#.#
#...#@###.#######.#.#
#9#.#..#........###
######.########.'..
#....#.....##.#
#.##.#.###.##.#
#.##.#......#.#
#.##.#####..').
#.##.#.....####
####.##.#.##### #


You could see a gargoyle (combustible).

Vanquished Creatures
  Edmund (D:5)
  An ice beast (D:5)
  An ogre (D:5)
  2 centaurs (D:5)
  2 elf zombies (Ossuary)
  A gnoll sergeant (D:5)
  3 centaur zombies (Ossuary)
  A hound (D:5)
  A human zombie (Ossuary)
  An orc priest (D:4)
  2 jellies (D:5)
  6 orc wizards
  2 mummies (Ossuary)
  7 gnolls
  13 adders
  2 worms
  A dart slug (D:4)
  8 orcs
  7 ball pythons
  6 endoplasms
  3 giant cockroaches (D:2)
  6 goblins
  5 hobgoblins
  9 quokkas
  4 bats
  3 frilled lizards
  2 goblin zombies (Ossuary)
  12 hobgoblin zombies (Ossuary)
  A jackal zombie (Ossuary)
  2 kobolds (D:3)
  4 kobold zombies (Ossuary)
  11 orc zombies (Ossuary)
  6 rats
  A rat zombie (Ossuary)
137 creatures vanquished.

Vanquished Creatures (collateral kills)
  2 hounds (D:5)
  10 foxfires (D:2)
12 creatures vanquished.

Vanquished Creatures (others)
  512 foxfires
  11 plants
523 creatures vanquished.

Grand Total: 672 creatures vanquished

Notes
Turn   | Place    | Note
-------+----------+-------------------------------------------
     0 | D:1      | kae the Demigod Fire Elementalist began the quest for the
                  | Orb.
     0 | D:1      | Reached XP level 1. HP: 14/14 MP: 5/5
    19 | D:1      | Reached skill level 1 in Conjurations
   279 | D:1      | Reached skill level 3 in Fire Magic
   279 | D:1      | Reached XP level 2. HP: 20/20 MP: 2/7
   545 | D:1      | Found Hiacith's Armour Shoppe.
   718 | D:1      | Learned a level 2 spell: Scorch
  1151 | D:2      | Reached XP level 3. HP: 17/26 MP: 1/8
  2020 | D:2      | Reached XP level 4. HP: 33/33 MP: 5/10
  2533 | D:3      | Noticed Terence
  2540 | D:2      | Learned a level 3 spell: Conjure Flame
  2573 | D:3      | Identified the -1 pair of gloves of the Last Spreadsheets
                  | {Rampage Drain Str-3 Dex+7}
  3434 | D:4      | Found Zuatique's Antique Armour Shop.
  3532 | D:4      | Reached skill level 4 in Fire Magic
  3609 | D:4      | Reached XP level 5. HP: 38/38 MP: 11/11
  4461 | D:4      | Learned a level 3 spell: Inner Flame
  4467 | D:5      | Entered Level 5 of the Dungeon
  4505 | D:4      | Reached XP level 6. HP: 36/45 MP: 13/13
  4995 | D:5      | Found a staircase to the Ecumenical Temple.
  5060 | D:5      | Found a sand-covered staircase.
  5067 | Ossuary  | Entered an ossuary
  5421 | Ossuary  | Reached skill level 5 in Fire Magic
  5664 | Ossuary  | Reached XP level 7. HP: 38/50 MP: 15/15
  6195 | D:5      | Noticed Edmund
  6206 | D:5      | Killed Edmund
  6207 | D:5      | Reached skill level 5 in Conjurations
  6450 | D:5      | Reached skill level 6 in Fire Magic
  6590 | D:5      | Reached XP level 8. HP: 57/57 MP: 17/17
  6904 | D:5      | Noticed a gargoyle
  6915 | D:5      | Killed from afar by a gargoyle

Illustrated notes

Levels and vault maps discovered:
D:1:      lightli_iron_boxes, layout_basic, serial_shops, nicolae_square_shop
D:2:      layout_basic, nicolae_ecumenical_snake_handling, serial_forest,
          infiniplex_forest_lined_room_2, infiniplex_forest_clump_curved,
          infiniplex_forest_clump_medium, infiniplex_forest_lined_2,
          infiniplex_forest_clump_small, infiniplex_forest_clump_long,
          infiniplex_forest_straight_2, infiniplex_forest_corner_1,
          infiniplex_forest_straight_3, infiniplex_forest_lined_4_way,
          hex_medium, grunt_decor_junction, corner_web_ring,
          minmay_misc_feat_rows
D:3:      layout_basic, serial_bayou_lagoon_a, uniq_terence
D:4:      layout_rooms, mainiacjoe_overflow_brackets,
          mainiacjoe_overflow_boulevard, nicolae_uskayaw_suspiria, serial_shops,
          nicolae_shop_statue_plus, small_statue_intersection
D:5:      layout_basic, mainiacjoe_overflow_six_doors_small,
          minmay_temple_entry_hall, chequers_ossuary_entry_cave,
          minmay_small_thing, uniq_edmund

Skill      XL: |  1  2  3  4  5  6  7 |
---------------+----------------------+-----
Conjurations   | 1 2 3 4 5 |  5.9
Fire Magic     | 3 4 5 6 |  6.6
Spellcasting   | 2 3 4 |  4.2
Dodging        | |  1.7
Stealth        | |  1.7

Action                   |  1- 3 |  4- 6 |  7- 9 || total
-------------------------+-------+-------+-------++-------
Melee: Unarmed           |    11 |     1 |     1 ||    13
 Cast: Foxfire           |    75 |   176 |    40 ||   291
       Scorch            |    11 |    25 |    34 ||    70
       Conjure Flame     |       |       |     1 ||     1
  Use: Scroll            |       |     9 |     2 ||    11
Armor: Robe              |     7 |    14 |     4 ||    25
Dodge: Dodged            |    32 |    52 |    37 ||   121

Table legend: (Time is in decaauts)
 A = Elapsed time spent in this place.
 B = Non-inter-level travel time spent in this place.
 C = Inter-level travel time spent in this place.
 D = Time resting spent in this place.
 E = Time spent auto-exploring this place.
 F = Levels seen in this place.
 G = Mean time per level.
                   A        B        C        D        E       F      G
               +--------+--------+--------+--------+--------+-----+--------+
         Total |   6927 |   6715 |    212 |    303 |   5164 |   6 | 1154.5 |
       Dungeon |   5871 |   5659 |    212 |     52 |   4677 |   5 | 1174.2 |
       Ossuary |   1056 |   1056 |      0 |    251 |    487 |   1 | 1056.0 |
               +--------+--------+--------+--------+--------+-----+--------+

Top non-repeatable levels by time:
     D:2: 1581 daAuts
     D:4: 1312 daAuts
     D:5: 1121 daAuts
 Ossuary: 1056 daAuts
     D:1: 986 daAuts
     D:3: 870 daAuts
